 Dungeon Crawl Stone Soup version 0.25-a0-834-g55863b0b92 (webtiles) character file.

Game seed: 15170365269964230498, levelgen mode: deterministic

17 Findor the Skirmisher (level 2, -1/32 HPs)
             Began as an Ogre Fighter on Apr 22, 2020.
             Slain by a hobgoblin
             ... wielding a +0 club
              (2 damage)
             ... on level 1 of the Dungeon.
             The game lasted 00:01:01 (404 turns).

Findor the Skirmisher (Ogre Fighter)                 Turns: 404, Time: 00:01:01

Health: -1/32      AC:  3    Str: 19    XL:     2   Next: 62%
Magic:  2/2        EV:  8    Int:  9    God:
Gold:   0          SH:  8    Dex:  8    Spells: 1/1 levels left

rFire    . . .     SeeInvis .   a - +0 flail
rCold    . . .     Gourm    .   c - +0 kite shield
rNeg     . . .     Faith    .   b - +0 robe
rPois    .         Spirit   .   (helmet restricted)
rElec    .         Reflect  .   (no cloak)
rCorr    .         Harm     .   (gloves unavailable)
MR       .....                  (boots unavailable)
Stlth    +.........             (no amulet)
HPRegen  0.10/turn              (no ring)
MPRegen  0.08/turn              (no ring)

@: no status effects
A: large, unfitting armour, tough skin 1
a: no special abilities


You were on level 1 of the Dungeon.
You were not hungry.

You visited 1 branch of the dungeon, and saw 1 of its levels.


Innate Abilities, Weirdness & Mutations

You are too large for most types of armour.
You have tough skin. (AC +1)


   Skills:
 - Level 4.0 Fighting
 * Level 2.8 Maces & Flails
 - Level 2.6 Dodging
 - Level 2.6 Shields


You had one spell level left.
You didn't know any spells.
Your spell library was empty.

Inventory:

Hand Weapons
 a - a +0 flail (weapon)
Armour
 b - a +0 robe (worn)
 c - a +0 kite shield (worn)
Scrolls
 e - a scroll of identify {unknown}
 h - a scroll of noise {unknown}
Potions
 d - a potion of might
Comestibles
 f - a ration
 g - 6 chunks of flesh


Message History

You block the bat's attack.
Found a dented amethyst amulet.
Found an escape hatch in the floor.
You closely miss the bat. You block the bat's attack.
You hit the kobold but do no damage. You block the kobold's attack.
The bat hits you but does no damage.
You miss the bat. The bat hits you but does no damage.
You block the bat's attack. You block the kobold's attack.
The hobgoblin hits you but does no damage.
The kobold barely misses you.
You barely miss the kobold. The bat hits you but does no damage.
The hobgoblin barely misses you.
The kobold hits you with a +0 short sword.
You hit the kobold. The bat closely misses you. You block the bat's attack.
The hobgoblin hits you but does no damage.
The kobold hits you with a +0 short sword.
The hobgoblin hits you with a +0 club.
You barely miss the kobold. The bat barely misses you.
The kobold hits you with a +0 short sword.
The hobgoblin hits you with a +0 club.
The kobold hits you with a +0 short sword.
You hit the kobold but do no damage. The bat hits you.
The hobgoblin hits you with a +0 club. The kobold barely misses you.
You hit the kobold. The bat hits you.
* * * LOW HITPOINT WARNING * * *
The hobgoblin closely misses you.
The kobold hits you with a +0 short sword.
* * * LOW HITPOINT WARNING * * *
Unknown command.
You miss the kobold. The bat barely misses you. You block the kobold's attack.
The hobgoblin hits you with a +0 club.
* * * LOW HITPOINT WARNING * * *
The kobold hits you with a +0 short sword.
* * * LOW HITPOINT WARNING * * *
The hobgoblin hits you with a +0 club.
* * * LOW HITPOINT WARNING * * *
Unknown command.
You closely miss the kobold. You block the bat's attack.
The kobold hits you but does no damage. The hobgoblin hits you with a +0 club.
* * * LOW HITPOINT WARNING * * *
Unknown command.
You sock the kobold!
You kill the kobold!
The bat hits you but does no damage. The hobgoblin hits you with a +0 club.
* * * LOW HITPOINT WARNING * * *
Unknown command.
Unknown command.
Okay, then.
You hit the hobgoblin. The bat hits you but does no damage.
The hobgoblin hits you with a +0 club.
You die...

.....###.........>...###
##..##..)..).....#####..
###.##.......###.## #..#
.............###..##....
...............(........
....>........#.(##......
#...#.............#.....
#.###........##%........
#.# ........ ##@b......
#.# #....... ##g......
..##....... .......
........... .......
..)........ .......
...########## ......#
(÷###÷#8#÷#8# .......
..#8#'#.#+#.# .."..>.
..'..........


You could see a hobgoblin and a bat.

Vanquished Creatures
  2 giant cockroaches (D:1)
  2 goblins (D:1)
  2 hobgoblins (D:1)
  4 jackals (D:1)
  2 kobolds (D:1)
  2 rats (D:1)
14 creatures vanquished.

Notes
Turn   | Place    | Note
-------+----------+-------------------------------------------
     0 | D:1      | Findor the Ogre Fighter began the quest for the Orb.
     0 | D:1      | Reached XP level 1. HP: 24/24 MP: 1/1
    55 | D:1      | Reached XP level 2. HP: 16/32 MP: 2/2
   402 | D:1      | HP: 6/32 [hobgoblin/+0 club (2)]
   403 | D:1      | HP: 1/32 [hobgoblin/+0 club (5)]
   404 | D:1      | Slain by a hobgoblin

Levels and vault maps discovered:
D:1:      wander_arrival_abandoned_jail, layout_rooms, roderic_serpentine_path

Action                   || total
-------------------------++-------
Melee: Flail             ||    59
Armor: Robe              ||    26
Dodge: Dodged            ||    35
Block: Kite shield       ||    35
